AoeStats
← arielhz45

Arena

509981959Analyzed
2v2 RM · 4d ago on Sep 28, 2026· 38m 59s· 4 players
Game mode
Random Map
Map size
Medium (4 player)
Population
200
Speed
Normal
Resources
Standard
Victory
Conquest
Starting age
Dark Age
Ending age
Imperial Age
RankedLock teamsTeams togetherTeam positionsShared explorationLock speedFull tech treeHidden civsTurbo modeCheats
Victory
Defeat
🇵🇦 Khitans · Panama
744
+16
🇺🇸 Aztecs · United States
638
+21
🇮🇳 Khmer · India
775
-20
🇧🇷 Britons · Brazil
710
-17
jcc
7:01 Loom
10:10 Feudal Age
11:14 Double-Bit Axe
11:13 Horse Collar
17:39 Castle Age
15:31 Man-at-Arms
19:54 Gold Mining
24:18 Caravan
26:05 Treadmill Crane
27:17 Pikeman
30:19 Padded Archer Armor
30:26 Scale Barding Armor
32:52 Fortified Wall
pussy noodles
12:14 Feudal Age
16:51 Castle Age
15:50 Double-Bit Axe
15:47 Horse Collar
17:33 Gold Mining
17:36 Stone Mining
17:44 Town Watch
23:51 Fortified Wall
26:10 Gold Shaft Mining
26:10 Stone Shaft Mining
26:21 Stone Shaft Mining
31:37 Imperial Age
34:09 Conscription
33:17 Light Cavalry
34:07 Bloodlines
34:42 Husbandry
arielhz45
11:57 Feudal Age
13:13 Horse Collar
13:53 Double-Bit Axe
22:58 Castle Age
21:15 Padded Archer Armor
21:06 Fletching
21:27 Forging
21:18 Scale Mail Armor
23:16 Elite Skirmisher
24:33 Leather Archer Armor
24:14 Bodkin Arrow
26:12 Bow Saw
31:14 Gold Mining
35:18 Atlatl
36:18 Chain Mail Armor
36:39 Iron Casting
40:43 Imperial Age
Elcaifascefas
3:15 Loom
11:39 Feudal Age
12:07 Double-Bit Axe
15:17 Domestication
21:36 Castle Age
19:43 Scale Mail Armor
19:53 Forging
19:34 Fletching
23:32 Chain Mail Armor
23:53 Iron Casting
23:44 Gold Mining
26:07 Lamellar Armor
35:14 Imperial Age
36:26 Plate Mail Armor
35:21 Elite Liao Dao
Connection lost

Rejoining the realm…

Still unreachable

The connection could not be restored.

Session expired

The server has moved on; the page needs a fresh start.